Workbook

Sheet GuV
A2: Businessplan: Gewinn- und Verlustrechnung
C4: Vorjahr | D4: Planjahr 1 | E4: Planjahr 2 | F4: Planjahr 3 | G4: Planjahr 4 | H4: Planjahr 5 | J4: Erläuterungen
C5: 2021 | D5: =C5+1 -> 2022 | E5: =D5+1 -> 2023 | F5: =E5+1 -> 2024 | G5: =F5+1 -> 2025 | H5: =G5+1 -> 2026 | J5: Hier können Sie Ihre Bemerkungen erfassen.
C6: Ist-Daten | D6: Plandaten | E6: Plandaten | F6: Plandaten | G6: Plandaten | H6: Plandaten
A7: Nr.: | B7: Position | C7: TEUR | D7: =C7 -> TEUR | E7: =D7 -> TEUR | F7: =E7 -> TEUR | G7: =F7 -> TEUR | H7: =G7 -> TEUR
A8: 1 | B8: Umsatzerlöse | C8: 10000 | D8: 11000 | E8: 12000 | F8: 13000 | G8: 14000 | H8: 15000
A9: =A8+1 -> 2 | B9: Sonstige betriebliche Erträge | C9: 400 | D9: 500 | E9: 600 | F9: 700 | G9: 800 | H9: 900
A10: =A9+1 -> 3 | B10: Materialaufwand | C10: -3000 | D10: -3500 | E10: -4000 | F10: -4500 | G10: -5000 | H10: -5500
A11: =A10+1 -> 4 | B11: Personalaufwand | C11: -1000 | D11: -1200 | E11: -1500 | F11: -1800 | G11: -2000 | H11: -2500
A12: =A11+1 -> 5 | B12: Sonstiger betrieblicher Aufwand | C12: -500 | D12: -600 | E12: -700 | F12: -800 | G12: -900 | H12: -1000
A13: =A12+1 -> 6 | B13: EBITDA | C13: =SUM(C8:C12) -> 5900 | D13: =SUM(D8:D12) -> 6200 | E13: =SUM(E8:E12) -> 6400 | F13: =SUM(F8:F12) -> 6600 | G13: =SUM(G8:G12) -> 6900 | H13: =SUM(H8:H12) -> 6900
A14: =A13+1 -> 7 | B14: Abschreibungen | C14: -1000 | D14: -1000 | E14: -1000 | F14: -1000 | G14: -1000 | H14: -1000
A15: =A14+1 -> 8 | B15: EBIT | C15: =SUM(C13:C14) -> 4900 | D15: =SUM(D13:D14) -> 5200 | E15: =SUM(E13:E14) -> 5400 | F15: =SUM(F13:F14) -> 5600 | G15: =SUM(G13:G14) -> 5900 | H15: =SUM(H13:H14) -> 5900
A16: =A15+1 -> 9 | B16: Ergebnis aus Beteiligungen | C16: 100 | D16: 150 | E16: 200 | F16: 250 | G16: 300 | H16: 350
A17: =A16+1 -> 10 | B17: Abschreibungen Finanzanlagen
A18: =A17+1 -> 11 | B18: Zinserträge | C18: 50 | D18: 50 | E18: 50 | F18: 50 | G18: 50 | H18: 50
A19: =A18+1 -> 12 | B19: Zinsaufwand | C19: -200 | D19: -200 | E19: -200 | F19: -200 | G19: -200 | H19: -200
A20: =A19+1 -> 13 | B20: EBT | C20: =SUM(C15:C19) -> 4850 | D20: =SUM(D15:D19) -> 5200 | E20: =SUM(E15:E19) -> 5450 | F20: =SUM(F15:F19) -> 5700 | G20: =SUM(G15:G19) -> 6050 | H20: =SUM(H15:H19) -> 6100
A21: =A20+1 -> 14 | B21: EE-Steuern | C21: -1455 | D21: -1560 | E21: -1635 | F21: -1710 | G21: -1815 | H21: -1830
A22: =A21+1 -> 15 | B22: Jahresüberschuss | C22: =SUM(C20:C21) -> 3395 | D22: =SUM(D20:D21) -> 3640 | E22: =SUM(E20:E21) -> 3815 | F22: =SUM(F20:F21) -> 3990 | G22: =SUM(G20:G21) -> 4235 | H22: =SUM(H20:H21) -> 4270

Sheet Bilanz
A2: Businessplan: Bilanz
C4: Vorjahr | D4: Planjahr 1 | E4: Planjahr 2 | F4: Planjahr 3 | G4: Planjahr 4 | H4: Planjahr 5 | J4: Erläuterungen
C5: =GuV!C5 -> 2021 | D5: =GuV!D5 -> 2022 | E5: =GuV!E5 -> 2023 | F5: =GuV!F5 -> 2024 | G5: =GuV!G5 -> 2025 | H5: =GuV!H5 -> 2026 | J5: Hier können Sie Ihre Bemerkungen erfassen.
C6: Ist-Daten | D6: Plandaten | E6: Plandaten | F6: Plandaten | G6: Plandaten | H6: Plandaten
A7: Nr.: | B7: Position | C7: =GuV!C7 -> TEUR | D7: =GuV!D7 -> TEUR | E7: =GuV!E7 -> TEUR | F7: =GuV!F7 -> TEUR | G7: =GuV!G7 -> TEUR | H7: =GuV!H7 -> TEUR
A8: 1 | B8: Immaterielle Vermögensgegenstände | C8: 1000 | D8: 1000 | E8: 1000 | F8: 1000 | G8: 1000 | H8: 1000
A9: =A8+1 -> 2 | B9: Sachanlagen | C9: 8000 | D9: 10000 | E9: 10000 | F9: 10000 | G9: 10000 | H9: 10000
A10: =A9+1 -> 3 | B10: Finanzanlagen | C10: 1000 | D10: 2000 | E10: 1000 | F10: 1000 | G10: 1000 | H10: 1000
A11: =A10+1 -> 4 | B11: Anlagevermögen | C11: =SUM(C8:C10) -> 10000 | D11: =SUM(D8:D10) -> 13000 | E11: =SUM(E8:E10) -> 12000 | F11: =SUM(F8:F10) -> 12000 | G11: =SUM(G8:G10) -> 12000 | H11: =SUM(H8:H10) -> 12000
A12: =A11+1 -> 5 | B12: Vorräte | C12: 2000 | D12: 1000 | E12: 2000 | F12: 2000 | G12: 2000 | H12: 2000
A13: =A12+1 -> 6 | B13: Forderungen | C13: 1000 | D13: 500 | E13: 1000 | F13: 1200 | G13: 1000 | H13: 500
A14: =A13+1 -> 7 | B14: Sonstige Vermögensgegenstände | C14: 500 | D14: 500 | E14: 500 | F14: 500 | G14: 500 | H14: 500
A15: =A14+1 -> 8 | B15: Wertpapiere | C15: 200 | D15: 200 | E15: 200 | F15: 200 | G15: 200 | H15: 200
A16: =A15+1 -> 9 | B16: Liquide Mittel | C16: 200 | D16: 200 | E16: 200 | F16: 200 | G16: 200 | H16: 200
A17: =A16+1 -> 10 | B17: Umlaufvermögen | C17: =SUM(C12:C16) -> 3900 | D17: =SUM(D12:D16) -> 2400 | E17: =SUM(E12:E16) -> 3900 | F17: =SUM(F12:F16) -> 4100 | G17: =SUM(G12:G16) -> 3900 | H17: =SUM(H12:H16) -> 3400
A18: =A17+1 -> 11 | B18: Bilanzsumme Aktiva | C18: =C11+C17 -> 13900 | D18: =D11+D17 -> 15400 | E18: =E11+E17 -> 15900 | F18: =F11+F17 -> 16100 | G18: =G11+G17 -> 15900 | H18: =H11+H17 -> 15400
A19: =A18+1 -> 12 | B19: Eigenkapital | C19: 6900 | D19: 6850 | E19: 7500 | F19: 7750 | G19: 8000 | H19: 7650
A20: 12.a | B20: davon Jahresüberschuss | C20: =GuV!C22 -> 3395 | D20: =GuV!D22 -> 3640 | E20: =GuV!E22 -> 3815 | F20: =GuV!F22 -> 3990 | G20: =GuV!G22 -> 4235 | H20: =GuV!H22 -> 4270
A21: =A19+1 -> 13 | B21: kurzfristige Rückstellungen | C21: 1600 | D21: 2250 | E21: 3200 | F21: 3250 | G21: 2900 | H21: 2850
A22: =A21+1 -> 14 | B22: langfristige Rückstellungen | C22: 2000 | D22: 2200 | E22: 2400 | F22: 2600 | G22: 2800 | H22: 3000
A23: =A22+1 -> 15 | B23: Verbindlichkeiten aus Lieferungen und Leistungen | C23: 500 | D23: 500 | E23: 500 | F23: 500 | G23: 500 | H23: 500
A24: =A23+1 -> 16 | B24: Sonstige Verbindlichkeiten | C24: 1100 | D24: 2000 | E24: 900 | F24: 800 | G24: 700 | H24: 600
A25: =A24+1 -> 17 | B25: Anleihen und langfristige Kredite | C25: 1800 | D25: 1600 | E25: 1400 | F25: 1200 | G25: 1000 | H25: 800
A26: =A25+1 -> 18 | B26: Bilanzsumme Passiva | C26: =SUM(C19,C21:C25) -> 13900 | D26: =SUM(D19,D21:D25) -> 15400 | E26: =SUM(E19,E21:E25) -> 15900 | F26: =SUM(F19,F21:F25) -> 16100 | G26: =SUM(G19,G21:G25) -> 15900 | H26: =SUM(H19,H21:H25) -> 15400
B30: KONTROLLE: AKTIVA - PASSIVA | C30: =C18-C26 -> 0 | D30: =D18-D26 -> 0 | E30: =E18-E26 -> 0 | F30: =F18-F26 -> 0 | G30: =G18-G26 -> 0 | H30: =H18-H26 -> 0

Sheet Bewegungsbilanz
A2: Businessplan: Bewegungsbilanz/ Beständedifferenz
C4: Planjahr 1 | D4: Planjahr 2 | E4: Planjahr 3 | F4: Planjahr 4 | G4: Planjahr 5 | I4: Erläuterungen
C5: =Bilanz!D5 -> 2022 | D5: =Bilanz!E5 -> 2023 | E5: =Bilanz!F5 -> 2024 | F5: =Bilanz!G5 -> 2025 | G5: =Bilanz!H5 -> 2026 | I5: Hier können Sie Ihre Bemerkungen erfassen.
A6: Nr.: | B6: Position | C6: =Bilanz!C7 -> TEUR | D6: =Bilanz!D7 -> TEUR | E6: =Bilanz!E7 -> TEUR | F6: =Bilanz!F7 -> TEUR | G6: =Bilanz!G7 -> TEUR
A7: 1 | B7: Immaterielle Vermögensgegenstände | C7: =Bilanz!D8-Bilanz!C8 -> 0 | D7: =Bilanz!E8-Bilanz!D8 -> 0 | E7: =Bilanz!F8-Bilanz!E8 -> 0 | F7: =Bilanz!G8-Bilanz!F8 -> 0 | G7: =Bilanz!H8-Bilanz!G8 -> 0
A8: =A7+1 -> 2 | B8: Sachanlagen | C8: =Bilanz!D9-Bilanz!C9 -> 2000 | D8: =Bilanz!E9-Bilanz!D9 -> 0 | E8: =Bilanz!F9-Bilanz!E9 -> 0 | F8: =Bilanz!G9-Bilanz!F9 -> 0 | G8: =Bilanz!H9-Bilanz!G9 -> 0
A9: =A8+1 -> 3 | B9: Finanzanlagen | C9: =Bilanz!D10-Bilanz!C10 -> 1000 | D9: =Bilanz!E10-Bilanz!D10 -> -1000 | E9: =Bilanz!F10-Bilanz!E10 -> 0 | F9: =Bilanz!G10-Bilanz!F10 -> 0 | G9: =Bilanz!H10-Bilanz!G10 -> 0
A10: =A9+1 -> 4 | B10: Anlagevermögen | C10: =SUM(C7:C9) -> 3000 | D10: =SUM(D7:D9) -> -1000 | E10: =SUM(E7:E9) -> 0 | F10: =SUM(F7:F9) -> 0 | G10: =SUM(G7:G9) -> 0
A11: =A10+1 -> 5 | B11: Vorräte | C11: =Bilanz!D12-Bilanz!C12 -> -1000 | D11: =Bilanz!E12-Bilanz!D12 -> 1000 | E11: =Bilanz!F12-Bilanz!E12 -> 0 | F11: =Bilanz!G12-Bilanz!F12 -> 0 | G11: =Bilanz!H12-Bilanz!G12 -> 0
A12: =A11+1 -> 6 | B12: Forderungen aus Lieferungen u. Leistungen | C12: =Bilanz!D13-Bilanz!C13 -> -500 | D12: =Bilanz!E13-Bilanz!D13 -> 500 | E12: =Bilanz!F13-Bilanz!E13 -> 200 | F12: =Bilanz!G13-Bilanz!F13 -> -200 | G12: =Bilanz!H13-Bilanz!G13 -> -500
A13: =A12+1 -> 7 | B13: Sonstige Vermögensgegenstände | C13: =Bilanz!D14-Bilanz!C14 -> 0 | D13: =Bilanz!E14-Bilanz!D14 -> 0 | E13: =Bilanz!F14-Bilanz!E14 -> 0 | F13: =Bilanz!G14-Bilanz!F14 -> 0 | G13: =Bilanz!H14-Bilanz!G14 -> 0
A14: =A13+1 -> 8 | B14: Wertpapiere | C14: =Bilanz!D15-Bilanz!C15 -> 0 | D14: =Bilanz!E15-Bilanz!D15 -> 0 | E14: =Bilanz!F15-Bilanz!E15 -> 0 | F14: =Bilanz!G15-Bilanz!F15 -> 0 | G14: =Bilanz!H15-Bilanz!G15 -> 0
A15: =A14+1 -> 9 | B15: Liquide Mittel | C15: =Bilanz!D16-Bilanz!C16 -> 0 | D15: =Bilanz!E16-Bilanz!D16 -> 0 | E15: =Bilanz!F16-Bilanz!E16 -> 0 | F15: =Bilanz!G16-Bilanz!F16 -> 0 | G15: =Bilanz!H16-Bilanz!G16 -> 0
A16: =A15+1 -> 10 | B16: Umlaufvermögen | C16: =SUM(C11:C15) -> -1500 | D16: =SUM(D11:D15) -> 1500 | E16: =SUM(E11:E15) -> 200 | F16: =SUM(F11:F15) -> -200 | G16: =SUM(G11:G15) -> -500
A17: =A16+1 -> 11 | B17: BILANZSUMME AKTIVA | C17: =C10+C16 -> 1500 | D17: =D10+D16 -> 500 | E17: =E10+E16 -> 200 | F17: =F10+F16 -> -200 | G17: =G10+G16 -> -500
A18: =A17+1 -> 12 | B18: Eigenkapital | C18: =Bilanz!D19-Bilanz!C19 -> -50 | D18: =Bilanz!E19-Bilanz!D19 -> 650 | E18: =Bilanz!F19-Bilanz!E19 -> 250 | F18: =Bilanz!G19-Bilanz!F19 -> 250 | G18: =Bilanz!H19-Bilanz!G19 -> -350
A19: =A18+1 -> 13 | B19: kurzfristige Rückstellungen | C19: =Bilanz!D21-Bilanz!C21 -> 650 | D19: =Bilanz!E21-Bilanz!D21 -> 950 | E19: =Bilanz!F21-Bilanz!E21 -> 50 | F19: =Bilanz!G21-Bilanz!F21 -> -350 | G19: =Bilanz!H21-Bilanz!G21 -> -50
A20: =A19+1 -> 14 | B20: langfristige Rückstellungen | C20: =Bilanz!D22-Bilanz!C22 -> 200 | D20: =Bilanz!E22-Bilanz!D22 -> 200 | E20: =Bilanz!F22-Bilanz!E22 -> 200 | F20: =Bilanz!G22-Bilanz!F22 -> 200 | G20: =Bilanz!H22-Bilanz!G22 -> 200
A21: =A20+1 -> 15 | B21: Verbindlichkeiten aus Lieferungen und Leistungen | C21: =Bilanz!D23-Bilanz!C23 -> 0 | D21: =Bilanz!E23-Bilanz!D23 -> 0 | E21: =Bilanz!F23-Bilanz!E23 -> 0 | F21: =Bilanz!G23-Bilanz!F23 -> 0 | G21: =Bilanz!H23-Bilanz!G23 -> 0
A22: =A21+1 -> 16 | B22: sonst. Verbindlichkeiten | C22: =Bilanz!D24-Bilanz!C24 -> 900 | D22: =Bilanz!E24-Bilanz!D24 -> -1100 | E22: =Bilanz!F24-Bilanz!E24 -> -100 | F22: =Bilanz!G24-Bilanz!F24 -> -100 | G22: =Bilanz!H24-Bilanz!G24 -> -100
A23: =A22+1 -> 17 | B23: Anleihen und langfristige Kredite | C23: =Bilanz!D25-Bilanz!C25 -> -200 | D23: =Bilanz!E25-Bilanz!D25 -> -200 | E23: =Bilanz!F25-Bilanz!E25 -> -200 | F23: =Bilanz!G25-Bilanz!F25 -> -200 | G23: =Bilanz!H25-Bilanz!G25 -> -200
A24: =A23+1 -> 18 | B24: BILANZSUMME PASSIVA | C24: =SUM(C18:C23) -> 1500 | D24: =SUM(D18:D23) -> 500 | E24: =SUM(E18:E23) -> 200 | F24: =SUM(F18:F23) -> -200 | G24: =SUM(G18:G23) -> -500
B26: KONTROLLE: ATIVA - PASSIVA | C26: =C17-C24 -> 0 | D26: =D17-D24 -> 0 | E26: =E17-E24 -> 0 | F26: =F17-F24 -> 0 | G26: =G17-G24 -> 0

Sheet Kapitalflussrechnung
A2: Businessplan: Kapitalflussrechnung
C4: Planjahr 1 | D4: Planjahr 2 | E4: Planjahr 3 | F4: Planjahr 4 | G4: Planjahr 5 | I4: Erläuterungen
C5: =Bewegungsbilanz!C5 -> 2022 | D5: =Bewegungsbilanz!D5 -> 2023 | E5: =Bewegungsbilanz!E5 -> 2024 | F5: =Bewegungsbilanz!F5 -> 2025 | G5: =Bewegungsbilanz!G5 -> 2026 | I5: Hier können Sie Ihre Bemerkungen erfassen.
C6: Plandaten | D6: Plandaten | E6: Plandaten | F6: Plandaten | G6: Plandaten
A7: Nr.: | B7: Position | C7: =Bewegungsbilanz!C6 -> TEUR | D7: =Bewegungsbilanz!D6 -> TEUR | E7: =Bewegungsbilanz!E6 -> TEUR | F7: =Bewegungsbilanz!F6 -> TEUR | G7: =Bewegungsbilanz!G6 -> TEUR
A8: 1 | B8: Jahresüberschuss | C8: =GuV!D22 -> 3640 | D8: =GuV!E22 -> 3815 | E8: =GuV!F22 -> 3990 | F8: =GuV!G22 -> 4235 | G8: =GuV!H22 -> 4270 | K8: =PROPER(B8) -> Jahresüberschuss
A9: =A8+1 -> 2 | B9: Abschreibungen auf Sachanlagen | C9: =GuV!D14*-1 -> 1000 | D9: =GuV!E14*-1 -> 1000 | E9: =GuV!F14*-1 -> 1000 | F9: =GuV!G14*-1 -> 1000 | G9: =GuV!H14*-1 -> 1000 | K9: =PROPER(B9) -> Abschreibungen Auf Sachanlagen
A10: =A9+1 -> 3 | B10: Abschreibungen auf Finanzanlagen | C10: =GuV!D17*-1 -> 0 | D10: =GuV!E17*-1 -> 0 | E10: =GuV!F17*-1 -> 0 | F10: =GuV!G17*-1 -> 0 | G10: =GuV!H17*-1 -> 0 | K10: =PROPER(B10) -> Abschreibungen Auf Finanzanlagen
A11: =A10+1 -> 4 | B11: Zuführung/Auflösung langfristiger Rückstellungen | C11: =Bewegungsbilanz!C20 -> 200 | D11: =Bewegungsbilanz!D20 -> 200 | E11: =Bewegungsbilanz!E20 -> 200 | F11: =Bewegungsbilanz!F20 -> 200 | G11: =Bewegungsbilanz!G20 -> 200 | K11: =PROPER(B11) -> Zuführung/Auflösung Langfristiger Rückstellungen
A12: =A11+1 -> 5 | B12: Sonstige Anpassungen | K12: =PROPER(B12) -> Sonstige Anpassungen
A13: =A12+1 -> 6 | B13: Cash-Flow | C13: =SUM(C8:C12) -> 4840 | D13: =SUM(D8:D12) -> 5015 | E13: =SUM(E8:E12) -> 5190 | F13: =SUM(F8:F12) -> 5435 | G13: =SUM(G8:G12) -> 5470 | K13: =PROPER(B13) -> Cash-Flow
A14: =A13+1 -> 7 | B14: Veränderungen der Vorräte | C14: =-Bewegungsbilanz!C11 -> 1000 | D14: =-Bewegungsbilanz!D11 -> -1000 | E14: =-Bewegungsbilanz!E11 -> 0 | F14: =-Bewegungsbilanz!F11 -> 0 | G14: =-Bewegungsbilanz!G11 -> 0 | K14: =PROPER(B14) -> Veränderungen Der Vorräte
A15: =A14+1 -> 8 | B15: Veränderung der Forderung aus Lieferungen und Leistungen | C15: =-Bewegungsbilanz!C12 -> 500 | D15: =-Bewegungsbilanz!D12 -> -500 | E15: =-Bewegungsbilanz!E12 -> -200 | F15: =-Bewegungsbilanz!F12 -> 200 | G15: =-Bewegungsbilanz!G12 -> 500 | K15: =PROPER(B15) -> Veränderung Der Forderung Aus Lieferungen Und Leistungen
A16: =A15+1 -> 9 | B16: Veränderung der sonstigen Vermögensgegenstände | C16: =-Bewegungsbilanz!C13 -> 0 | D16: =-Bewegungsbilanz!D13 -> 0 | E16: =-Bewegungsbilanz!E13 -> 0 | F16: =-Bewegungsbilanz!F13 -> 0 | G16: =-Bewegungsbilanz!G13 -> 0 | K16: =PROPER(B16) -> Veränderung Der Sonstigen Vermögensgegenstände
A17: =A16+1 -> 10 | B17: Veränderung der Verbindlichkeiten Aus Lieferungen Und Leistungen | C17: =Bewegungsbilanz!C21 -> 0 | D17: =Bewegungsbilanz!D21 -> 0 | E17: =Bewegungsbilanz!E21 -> 0 | F17: =Bewegungsbilanz!F21 -> 0 | G17: =Bewegungsbilanz!G21 -> 0 | K17: =PROPER(B17) -> Veränderung Der Verbindlichkeiten Aus Lieferungen Und Leistungen
A18: =A17+1 -> 11 | B18: Veränderung der kurzfristigen Rückstellungen | C18: =Bewegungsbilanz!C19 -> 650 | D18: =Bewegungsbilanz!D19 -> 950 | E18: =Bewegungsbilanz!E19 -> 50 | F18: =Bewegungsbilanz!F19 -> -350 | G18: =Bewegungsbilanz!G19 -> -50 | K18: =PROPER(B18) -> Veränderung Der Kurzfristigen Rückstellungen
A19: =A18+1 -> 12 | B19: Veränderung der sonstigen Verbindlichkeiten | C19: =Bewegungsbilanz!C22 -> 900 | D19: =Bewegungsbilanz!D22 -> -1100 | E19: =Bewegungsbilanz!E22 -> -100 | F19: =Bewegungsbilanz!F22 -> -100 | G19: =Bewegungsbilanz!G22 -> -100 | K19: =PROPER(B19) -> Veränderung Der Sonstigen Verbindlichkeiten
A20: =A19+1 -> 13 | B20: Sonstige Anpassungen | K20: =PROPER(B20) -> Sonstige Anpassungen
A21: =A20+1 -> 14 | B21: Mittelzufluss (+) / Mittelabfluss (-) aus operativer Geschäftstätigkeit | C21: =SUM(C13:C20) -> 7890 | D21: =SUM(D13:D20) -> 3365 | E21: =SUM(E13:E20) -> 4940 | F21: =SUM(F13:F20) -> 5185 | G21: =SUM(G13:G20) -> 5820 | K21: =PROPER(B21) -> Mittelzufluss (+) / Mittelabfluss (-) Aus Operativer Geschäftstätigkeit
A22: =A21+1 -> 15 | B22: Investitionen in Sachanlagen | C22: =-(Bewegungsbilanz!C8-GuV!D14) -> -3000 | D22: =-(Bewegungsbilanz!D8-GuV!E14) -> -1000 | E22: =-(Bewegungsbilanz!E8-GuV!F14) -> -1000 | F22: =-(Bewegungsbilanz!F8-GuV!G14) -> -1000 | G22: =-(Bewegungsbilanz!G8-GuV!H14) -> -1000 | K22: =PROPER(B22) -> Investitionen In Sachanlagen
A23: =A22+1 -> 16 | B23: Investitionen in Finanzanlagen | C23: =-(Bewegungsbilanz!C9-GuV!D17) -> -1000 | D23: =-(Bewegungsbilanz!D9-GuV!E17) -> 1000 | E23: =-(Bewegungsbilanz!E9-GuV!F17) -> 0 | F23: =-(Bewegungsbilanz!F9-GuV!G17) -> 0 | G23: =-(Bewegungsbilanz!G9-GuV!H17) -> 0 | K23: =PROPER(B23) -> Investitionen In Finanzanlagen
A24: =A23+1 -> 17 | B24: Abgänge von Sachanlagen | K24: =PROPER(B24) -> Abgänge Von Sachanlagen
A25: =A24+1 -> 18 | B25: Abgänge von Finanzanlagen | K25: =PROPER(B25) -> Abgänge Von Finanzanlagen
A26: =A25+1 -> 19 | B26: Sonstige Anpassungen | K26: =PROPER(B26) -> Sonstige Anpassungen
A27: =A26+1 -> 20 | B27: Mittelzufluss (+) / Mittelabfluss (-) aus Investitionstätigkeit | C27: =SUM(C22:C26) -> -4000 | D27: =SUM(D22:D26) -> 0 | E27: =SUM(E22:E26) -> -1000 | F27: =SUM(F22:F26) -> -1000 | G27: =SUM(G22:G26) -> -1000 | K27: =PROPER(B27) -> Mittelzufluss (+) / Mittelabfluss (-) Aus Investitionstätigkeit
A28: =A27+1 -> 21 | B28: Dividenden | C28: =-(-Bewegungsbilanz!C18+GuV!D22) -> -3690 | D28: =-(-Bewegungsbilanz!D18+GuV!E22) -> -3165 | E28: =-(-Bewegungsbilanz!E18+GuV!F22) -> -3740 | F28: =-(-Bewegungsbilanz!F18+GuV!G22) -> -3985 | G28: =-(-Bewegungsbilanz!G18+GuV!H22) -> -4620 | K28: =PROPER(B28) -> Dividenden
A29: =A28+1 -> 22 | B29: Aufnahme/Tilgung von Anleihen und langfristigen Krediten | C29: =Bewegungsbilanz!C23 -> -200 | D29: =Bewegungsbilanz!D23 -> -200 | E29: =Bewegungsbilanz!E23 -> -200 | F29: =Bewegungsbilanz!F23 -> -200 | G29: =Bewegungsbilanz!G23 -> -200 | K29: =PROPER(B29) -> Aufnahme/Tilgung Von Anleihen Und Langfristigen Krediten
A30: =A29+1 -> 23 | B30: Sonstige Anpassungen | K30: =PROPER(B30) -> Sonstige Anpassungen
A31: =A30+1 -> 24 | B31: Mittelzufluss (+) / Mittelabfluss (-) aus Finanzierung | C31: =SUM(C28:C30) -> -3890 | D31: =SUM(D28:D30) -> -3365 | E31: =SUM(E28:E30) -> -3940 | F31: =SUM(F28:F30) -> -4185 | G31: =SUM(G28:G30) -> -4820 | K31: =PROPER(B31) -> Mittelzufluss (+) / Mittelabfluss (-) Aus Finanzierung
K32: =PROPER(B32)
A33: =A31+1 -> 25 | B33: Veränderung Liquide Mittel (incl. Wertpapiere) | C33: =C21+C27+C31 -> 0 | D33: =D21+D27+D31 -> 0 | E33: =E21+E27+E31 -> 0 | F33: =F21+F27+F31 -> 0 | G33: =G21+G27+G31 -> 0 | K33: =PROPER(B33) -> Veränderung Liquide Mittel (Incl. Wertpapiere)
K34: =PROPER(B34)
B35: Fondsänderungsnachweis | C35: =C5 -> 2022 | D35: =D5 -> 2023 | E35: =E5 -> 2024 | F35: =F5 -> 2025 | G35: =G5 -> 2026 | K35: =PROPER(B35) -> Fondsänderungsnachweis
A36: =A33+1 -> 26 | B36: Liquide Mittel per 1 Januar | C36: =Bilanz!C16+Bilanz!C15 -> 400 | D36: =Bilanz!D16+Bilanz!D15 -> 400 | E36: =Bilanz!E16+Bilanz!E15 -> 400 | F36: =Bilanz!F16+Bilanz!F15 -> 400 | G36: =Bilanz!G16+Bilanz!G15 -> 400 | K36: =PROPER(B36) -> Liquide Mittel Per 1 Januar
A37: =A36+1 -> 27 | B37: Liquide Mittel per 31 Dezember | C37: =Bilanz!D16+Bilanz!D15 -> 400 | D37: =Bilanz!E16+Bilanz!E15 -> 400 | E37: =Bilanz!F16+Bilanz!F15 -> 400 | F37: =Bilanz!G16+Bilanz!G15 -> 400 | G37: =Bilanz!H16+Bilanz!H15 -> 400 | K37: =PROPER(B37) -> Liquide Mittel Per 31 Dezember
A38: =A37+1 -> 28 | B38: Veränderung Liquide Mittel | C38: =C37-C36 -> 0 | D38: =D37-D36 -> 0 | E38: =E37-E36 -> 0 | F38: =F37-F36 -> 0 | G38: =G37-G36 -> 0 | K38: =PROPER(B38) -> Veränderung Liquide Mittel
A39: =A38+1 -> 29 | B39: Abstimmung | C39: =C33-C38 -> 0 | D39: =D33-D38 -> 0 | E39: =E33-E38 -> 0 | F39: =F33-F38 -> 0 | G39: =G33-G38 -> 0 | K39: =PROPER(B39) -> Abstimmung
